 Dungeon Sprint DCSS version 0.31.0-12-g77e489cdc1 (webtiles) character file.

Game seed: 7913037402181235497

8100000 boopmooplesden the Axe Maniac (level 27, -31/273 HPs)
             Began as an Armataur Gladiator on Feb 12, 2024.
             Was the Champion of Makhleb.
             Annihilated by a sculptor of flesh
             ... wielding a +9 great sword
              (83 damage)
             ... in the Dungeon (Sprint VIII: "Arena of Blood").
             The game lasted 00:05:17 (81 turns).

boopmooplesden the Axe Maniac (Armataur Gladiator)    Turns: 81, Time: 00:05:17

Health: -31/273    AC: 10    Str: 31    XL:     27
Magic:  50/50      EV: 22    Int:  9    God:    Makhleb [******]
Gold:   0          SH:  0    Dex: 14    Spells: 72/72 levels left

rFire   . . .        l - +∞ Axe of Woe
rCold   . . .        (shield currently unavailable)
rNeg    . . .        b - +0 leather armour
rPois   .            c - +0 helmet
rElec   .            (no cloak)
rCorr   .            (no gloves)
SInv    .            (no barding)
Will    ++...        (no amulet)
Stlth   +++++++++    (no ring)
HPRegen 5.20/turn    (no ring)
MPRegen 2.63/turn

%: no teleportation, roll
@: no status effects
A: large, deformed body, tough skin 3, armoured tail, roll 2
a: Renounce Religion, Minor Destruction, Lesser Servant of Makhleb, Major
Destruction, Greater Servant of Makhleb


You were in the Dungeon.
You worshipped Makhleb.
Makhleb was exalted by your worship.
You visited 1 branch

Inventory:

Hand Weapons
 a - a +0 war axe
 l - the +∞ Axe of Woe (weapon)
   (You found it in the Dungeon)
Missiles
 d - 3 throwing nets (quivered)
 e - a javelin
Armour
 b - a +0 leather armour (worn)
 c - a +0 helmet (worn)
Jewellery
 m - a +30 ring of slaying
 n - a +130 ring of slaying
Scrolls
 k - a scroll of blinking
Potions
 f - a potion of curing
 g - a potion of heal wounds
 h - a potion of haste
 i - 2 potions of magic
 j - a potion of berserk rage


   Skills:
 O Level 27 Fighting
 + Level 25.9(27) Short Blades
 + Level 25.2(27) Long Blades
 O Level 27 Axes
 + Level 25.1(27) Maces & Flails
 + Level 23.3(27) Polearms
 + Level 25.1(27) Staves
 + Level 21.6 Ranged Weapons
 O Level 27 Throwing
 O Level 27 Armour
 O Level 27 Dodging
 O Level 27 Stealth
 O Level 27 Shields
 + Level 25.2 Unarmed Combat
 + Level 23.3 Spellcasting
 + Level 25.1 Conjurations
 + Level 26.9 Hexes
 + Level 24.0 Summonings
 + Level 24.0 Necromancy
 O Level 27 Translocations
 + Level 25.8 Fire Magic
 O Level 27 Ice Magic
 O Level 27 Air Magic
 O Level 27 Earth Magic
 O Level 27 Alchemy
 O Level 27 Invocations
 O Level 27 Evocations
 + Level 25.5 Shapeshifting


You had 72 spell levels left.
You didn't know any spells.
Your spell library was empty.

Dungeon Overview and Level Annotations

Branches:
Dungeon (1/1)

Altars:
Makhleb


Innate Abilities, Weirdness & Mutations

Armour fits poorly on your strangely shaped body.
You have extremely tough skin. (AC +3)
You have a long armoured tail.
You regenerate magic and health when rolling toward enemies. (Rampage Regen)


Message History

You feel better.
A dread comes into view.
Your base Short Blades skill increases to level 25!
Your Ranged Weapons skill increases to level 21!
You have mastered Translocations!
Your Fire Magic skill increases to level 25!
You roll towards the meat beast!
A dread and a bag of meat come into view.
The bag of meat shouts!
You slice the meat beast!!
You fatally mangle the meat beast.
You kill the meat beast!
Makhleb accepts your kill.
The bag of meat is engulfed in blazing flames.
The dread throws damnation at you.
The sphere of damnation explodes!
The damnation engulfs you!!
You hear a shout!
Your base Long Blades skill increases to level 25!
Your base Maces & Flails skill increases to level 25!
Your base Polearms skill increases to level 23!
Your base Staves skill increases to level 25!
Your Unarmed Combat skill increases to level 25!
Your Spellcasting skill increases to level 23!
Your Conjurations skill increases to level 25!
Your Summonings skill increases to level 24!
Your Necromancy skill increases to level 24!
You have mastered Ice Magic!
You have mastered Air Magic!
You have mastered Earth Magic!
You have mastered Alchemy!
Your Shapeshifting skill increases to level 25!
You roll towards the tyrant!
A bag of meat comes into view. It is wielding a +9 war axe.
Found a large brass ring.
A tyrant and a large bag of meat come into view.
You hear a shout! x2
The dread calls on the powers of darkness!
Your body is wracked with pain!
* * * LOW HITPOINT WARNING * * *
The meat berserker convulses!
The bag of meat convulses! x3
The meat berserker convulses!
The bag of meat convulses! x5
The sculptor of flesh hits you with a +9 great sword!!!!
You die...

########## ####.......=.
####...........
####..........##.##
##......o...@.L..W..
.......o####.z..W##.#
......)#°§OO.........o
......)§#oo2...o...#.#.....
......O)#oOo.......L.......
...###o))#oo............o..
.# #..O)oo#..........o.....
#....ooO)))).).)o..........
....#....o)))).)☼.o.○....


You could see a meat beast (fast), 2 tyrants, a sculptor of flesh, a large bag
of meat (wandering, inner flame), 2 dreads, 2 meat berserkers and 12 bags of
meat.

Vanquished Creatures
  A hell beast (D)
  A royal mummy (D)
  2 wraiths (D)
  Harold (D)
  10 vampire knights (D)
  38 ogres (D)
  5 two-headed ogres (D)
  4 liches (D)
  A hydra (D)
  102 orcs (D)
  8 skeletal warriors (D)
173 creatures vanquished.

Notes
Turn   | Place    | Note
-------+----------+-------------------------------------------
     0 | D        | Found the +∞ Axe of Woe
     0 | D        | boopmooplesden the Armataur Gladiator began the quest for
                  | the Orb.
     0 | D        | Reached XP level 1. HP: 17/17 MP: 1/1
     2 | D        | Noticed a bag of meat
     3 | D        | Noticed a bag of meat
     4 | D        | Became a worshipper of Makhleb the Destroyer
     4 | D        | Noticed a bag of meat
     5 | D        | Noticed a bag of meat
     6 | D        | Killed a bag of meat
     6 | D        | Noticed a meat berserker
     7 | D        | Reached XP level 2. HP: 35/35 MP: 2/2
     7 | D        | Reached XP level 3. HP: 40/40 MP: 3/3
     7 | D        | Reached XP level 4. HP: 48/48 MP: 4/4
     7 | D        | Reached XP level 5. HP: 53/53 MP: 5/5
     7 | D        | Reached XP level 6. HP: 61/61 MP: 6/6
     7 | D        | Gained mutation: You regenerate magic and health when
                  | rolling toward enemies. (Rampage Regen) [Armataur growth]
     7 | D        | Reached XP level 7. HP: 67/67 MP: 7/7
     7 | D        | Reached XP level 8. HP: 74/74 MP: 8/8
     7 | D        | Reached XP level 9. HP: 81/81 MP: 9/9
     7 | D        | Reached XP level 10. HP: 88/88 MP: 10/10
     7 | D        | Killed a bag of meat
     7 | D        | Reached * piety under Makhleb
     7 | D        | Noticed a bag of meat
     8 | D        | Reached XP level 11. HP: 97/97 MP: 11/11
     8 | D        | Noticed a meat berserker
     8 | D        | Noticed a meat berserker
     9 | D        | Killed a meat berserker
    10 | D        | Reached skill level 10 in Fighting
    10 | D        | Reached skill level 10 in Throwing
    10 | D        | Reached XP level 12. HP: 72/108 MP: 12/12
    10 | D        | Reached XP level 13. HP: 77/115 MP: 13/13
    10 | D        | Killed a bag of meat
    11 | D        | Killed a bag of meat
    11 | D        | Reached ** piety under Makhleb
    11 | D        | Noticed a meat berserker
    12 | D        | Reached skill level 1 in Armour
    12 | D        | Killed a meat berserker
    12 | D        | Noticed a bag of meat
    13 | D        | Reached XP level 14. HP: 21/127 MP: 14/14
    13 | D        | Killed a meat berserker
    13 | D        | Noticed a bag of meat
    15 | D        | Noticed a meat berserker
    15 | D        | Killed a bag of meat
    15 | D        | Reached *** piety under Makhleb
    15 | D        | Noticed a meat berserker
    16 | D        | Reached XP level 15. HP: 48/138 MP: 15/15
    16 | D        | Noticed a meat berserker
    16 | D        | Noticed a meat berserker
    16 | D        | Noticed a meat berserker
    17 | D        | Noticed a meat berserker
    17 | D        | Noticed a meat berserker
    18 | D        | Killed a meat berserker
    18 | D        | Noticed a meat berserker
    18 | D        | Noticed a large bag of meat
    19 | D        | Noticed a meat berserker
    20 | D        | Killed a meat berserker
    20 | D        | Reached **** piety under Makhleb
    21 | D        | Reached skill level 27 in Axes
    21 | D        | Reached skill level 5 in Armour
    21 | D        | Reached XP level 16. HP: 80/151 MP: 16/16
    21 | D        | Noticed a meat berserker
    21 | D        | Noticed a destroyer
    21 | D        | Noticed a meat berserker
    21 | D        | Noticed a meat berserker
    22 | D        | Reached skill level 15 in Throwing
    22 | D        | Killed a meat berserker
    22 | D        | Killed a meat berserker
    22 | D        | Killed a meat berserker
    22 | D        | Reached ***** piety under Makhleb
    22 | D        | Killed a meat berserker
    22 | D        | Noticed a meat berserker
    23 | D        | Reached skill level 27 in Dodging
    23 | D        | Reached XP level 17. HP: 181/181 MP: 17/17
    23 | D        | Killed a meat berserker
    23 | D        | Noticed a meat berserker
    24 | D        | Noticed a meat berserker
    24 | D        | Killed a destroyer
    24 | D        | Killed a large bag of meat
    24 | D        | Killed a meat berserker
    24 | D        | Noticed a meat berserker
    25 | D        | Reached skill level 27 in Fighting
    25 | D        | Reached skill level 27 in Throwing
    25 | D        | Reached XP level 18. HP: 160/200 MP: 18/18
    25 | D        | Noticed a meat berserker
    25 | D        | Noticed a destroyer
    26 | D        | Killed a meat berserker
    26 | D        | Reached ****** piety under Makhleb
    26 | D        | Killed a meat berserker
    26 | D        | Noticed a destroyer
    27 | D        | Reached skill level 27 in Armour
    27 | D        | Reached XP level 19. HP: 207/207 MP: 19/19
    27 | D        | Noticed a large bag of meat
    27 | D        | Noticed a meat berserker
    28 | D        | Reached skill level 5 in Short Blades
    28 | D        | Reached skill level 5 in Long Blades
    28 | D        | Reached skill level 5 in Maces & Flails
    28 | D        | Reached skill level 5 in Polearms
    28 | D        | Reached skill level 5 in Staves
    28 | D        | Reached skill level 5 in Unarmed Combat
    28 | D        | Reached skill level 5 in Spellcasting
    28 | D        | Reached skill level 5 in Conjurations
    28 | D        | Reached skill level 5 in Summonings
    28 | D        | Reached skill level 5 in Necromancy
    28 | D        | Reached skill level 5 in Fire Magic
    28 | D        | Reached skill level 5 in Shapeshifting
    28 | D        | Killed a meat berserker
    28 | D        | Killed a meat berserker
    28 | D        | Noticed a meat berserker
    28 | D        | Noticed a meat berserker
    29 | D        | Reached XP level 20. HP: 216/216 MP: 20/30
    29 | D        | Killed a meat berserker
    29 | D        | Noticed a destroyer
    30 | D        | Reached skill level 10 in Shields
    30 | D        | Reached skill level 10 in Invocations
    30 | D        | Reached skill level 10 in Evocations
    30 | D        | Killed a destroyer
    30 | D        | Killed a meat berserker
    31 | D        | Reached skill level 10 in Short Blades
    31 | D        | Reached skill level 10 in Long Blades
    31 | D        | Reached skill level 10 in Maces & Flails
    31 | D        | Reached skill level 10 in Staves
    31 | D        | Reached skill level 10 in Unarmed Combat
    31 | D        | Reached skill level 10 in Conjurations
    31 | D        | Reached skill level 10 in Translocations
    31 | D        | Reached skill level 10 in Fire Magic
    31 | D        | Reached skill level 10 in Shapeshifting
    31 | D        | Reached XP level 21. HP: 224/224 MP: 23/34
    32 | D        | Reached skill level 10 in Polearms
    32 | D        | Reached skill level 10 in Spellcasting
    32 | D        | Reached skill level 10 in Summonings
    32 | D        | Reached skill level 10 in Necromancy
    33 | D        | Reached skill level 10 in Ranged Weapons
    33 | D        | Reached skill level 15 in Stealth
    33 | D        | Reached XP level 22. HP: 233/233 MP: 26/37
    34 | D        | Noticed a destroyer
    35 | D        | Reached skill level 15 in Shields
    35 | D        | Reached skill level 15 in Invocations
    35 | D        | Reached skill level 15 in Evocations
    36 | D        | Noticed a large bag of meat
    37 | D        | Reached skill level 15 in Hexes
    37 | D        | Reached skill level 15 in Ice Magic
    37 | D        | Reached skill level 15 in Air Magic
    37 | D        | Reached skill level 15 in Earth Magic
    37 | D        | Reached skill level 15 in Alchemy
    37 | D        | Killed a destroyer
    38 | D        | Reached skill level 15 in Translocations
    38 | D        | Reached XP level 23. HP: 190/240 MP: 36/40
    38 | D        | Noticed a large bag of meat
    39 | D        | Reached skill level 15 in Shapeshifting
    39 | D        | Killed a destroyer
    40 | D        | Reached skill level 15 in Short Blades
    40 | D        | Reached skill level 15 in Long Blades
    40 | D        | Reached skill level 15 in Maces & Flails
    40 | D        | Reached skill level 15 in Staves
    40 | D        | Reached skill level 15 in Unarmed Combat
    40 | D        | Reached skill level 15 in Conjurations
    40 | D        | Reached skill level 15 in Fire Magic
    40 | D        | Reached XP level 24. HP: 249/249 MP: 39/41
    41 | D        | Noticed a large bag of meat
    41 | D        | Noticed a large bag of meat
    41 | D        | Noticed a destroyer
    43 | D        | Killed a large bag of meat
    44 | D        | Reached skill level 15 in Polearms
    44 | D        | Reached skill level 15 in Spellcasting
    44 | D        | Reached skill level 15 in Summonings
    44 | D        | Reached skill level 15 in Necromancy
    44 | D        | Noticed a destroyer
    44 | D        | HP: 8/249 [meat berserker/+9 battleaxe (55)]
    47 | D        | Reached XP level 25. HP: 197/257 MP: 42/43
    47 | D        | Killed a large bag of meat
    47 | D        | Noticed a destroyer
    48 | D        | Reached skill level 15 in Ranged Weapons
    48 | D        | Noticed The Servant
    48 | D        | Noticed a destroyer
    49 | D        | Killed a destroyer
    52 | D        | Killed a large bag of meat
    53 | D        | Reached XP level 26. HP: 118/266 MP: 44/44
    54 | D        | Noticed a tyrant
    54 | D        | Killed The Servant
    54 | D        | Noticed an accursed
    56 | D        | Killed a destroyer
    57 | D        | Noticed a tyrant
    57 | D        | Killed a tyrant
    57 | D        | Killed a destroyer
    58 | D        | Reached skill level 27 in Stealth
    60 | D        | Reached XP level 27. HP: 147/273 MP: 45/45
    61 | D        | Noticed a large bag of meat
    62 | D        | Noticed a destroyer
    62 | D        | Noticed a dread
    64 | D        | Noticed a dread
    65 | D        | Killed a tyrant
    66 | D        | Killed a dread
    68 | D        | Killed a destroyer
    70 | D        | Killed a destroyer
    71 | D        | Noticed a tyrant
    72 | D        | Reached skill level 27 in Invocations
    72 | D        | Reached skill level 27 in Evocations
    72 | D        | Killed a destroyer
    74 | D        | Noticed an accursed
    74 | D        | Noticed a tyrant
    75 | D        | Killed a dread
    75 | D        | Killed a large bag of meat
    75 | D        | Noticed a meat beast
    76 | D        | Reached skill level 27 in Shields
    76 | D        | Noticed a meat beast
    76 | D        | Killed a tyrant
    77 | D        | Killed an accursed
    77 | D        | Noticed a meat beast
    79 | D        | Noticed a tyrant
    79 | D        | Killed a tyrant
    79 | D        | Noticed a dread
    80 | D        | Reached skill level 27 in Translocations
    80 | D        | Noticed a dread
    80 | D        | Killed a meat beast
    81 | D        | Reached skill level 27 in Ice Magic
    81 | D        | Reached skill level 27 in Air Magic
    81 | D        | Reached skill level 27 in Earth Magic
    81 | D        | Reached skill level 27 in Alchemy
    81 | D        | Noticed a tyrant
    81 | D        | Noticed a large bag of meat
    81 | D        | Annihilated by a sculptor of flesh

Illustrated notes

Levels and vault maps discovered:
D:        meatsprint

Skill      XL: |  1  2  3  4  5  6  7  8  9 10 11 12 13 14 15 16 17 18 19 20 21 22 23 24 25 26 27 |
---------------+----------------------------------------------------------------------------------+-----
Fighting       | 7 9 10 12 14 16 23 27 | 27.0
Axes           | 14 16 19 22 24 27 | 27.0
Throwing       | 8 9 10 12 13 14 18 27 | 27.0
Dodging        | 12 14 16 19 20 22 27 | 27.0
Armour         | 3 5 11 25 27 | 27.0
Short Blades   | 7 10 12 14 15 17 19 20 25 | 25.9
Long Blades    | 7 10 12 14 15 17 19 20 25 | 25.2
Maces & Flails | 7 10 12 14 15 17 19 20 25 | 25.1
Polearms       | 6 9 11 13 14 16 17 18 23 | 23.3
Staves         | 7 10 12 14 15 17 19 20 25 | 25.1
Ranged Weapons | 6 8 10 12 13 14 16 17 21 | 21.6
Stealth        | 9 12 15 18 19 22 24 27 | 27.0
Shields        | 9 11 14 16 18 20 22 23 27 | 27.0
Unarmed Combat | 7 10 12 14 15 17 19 20 25 | 25.2
Spellcasting   | 6 9 11 13 14 16 17 18 23 | 23.3
Conjurations   | 7 10 12 14 15 17 19 20 25 | 25.1
Hexes          | 8 11 13 15 17 19 21 22 26 | 26.9
Summonings     | 6 9 11 13 14 16 17 19 24 | 24.0
Necromancy     | 6 9 11 13 14 16 17 19 24 | 24.0
Translocations | 8 10 13 15 17 19 20 22 27 | 27.0
Fire Magic     | 7 10 12 14 15 17 19 20 25 | 25.8
Ice Magic      | 8 11 13 15 17 19 21 22 27 | 27.0
Air Magic      | 8 11 13 15 17 19 21 22 27 | 27.0
Earth Magic    | 8 11 13 15 17 19 21 22 27 | 27.0
Alchemy        | 8 11 13 15 17 19 21 22 27 | 27.0
Invocations    | 9 12 14 17 18 21 22 24 27 | 27.0
Evocations     | 9 12 14 17 18 21 22 24 27 | 27.0
Shapeshifting  | 7 10 12 14 16 18 19 20 25 | 25.5

Action                     |  1- 3 |  4- 6 |  7- 9 | 10-12 | 13-15 | 16-18 | 19-21 | 22-24 | 25-27 || total
---------------------------+-------+-------+-------+-------+-------+-------+-------+-------+-------++-------
  Melee: Executioner's axe |     1 |       |       |     2 |     7 |     5 |     6 |    11 |    28 ||    60
   Stab: Distracted        |       |       |       |       |       |       |       |       |     1 ||     1
 Armour: Leather armour    |       |       |       |     1 |     3 |     2 |       |    10 |    21 ||    37
  Dodge: Dodged            |       |       |       |       |       |       |       |     1 |     2 ||     3
